 Dungeon Crawl Stone Soup version 0.31-a0-152-g6aa68a64a1 (webtiles) character file.

Game seed: 16640612861058082903

744 qw the Skirmisher (level 7, -1/61 HPs)
             Began as a Minotaur Hunter on June 9, 2023.
             Slain by a scorpion (3 damage)
             ... on level 4 of the Dungeon.
             The game lasted 00:01:28 (3204 turns).

qw the Skirmisher (Minotaur Hunter)                 Turns: 3204, Time: 00:01:29

Health: -1/61      AC:  7    Str: 16    XL:     7   Next: 47%
Magic:  6/6        EV: 12    Int:  6    God:
Gold:   170        SH:  0    Dex: 15    Spells: 6/6 levels left

rFire   . . .        Y - +1 shortbow
rCold   . . .        (shield currently unavailable)
rNeg    . . .        f - +0 acid dragon scales
rPois   .            (helmet restricted)
rElec   .            (no cloak)
rCorr   +            (no gloves)
SInv    .            (no boots)
Will    .....        (no amulet)
Stlth   +            (no ring)
HPRegen 0.30/turn    (no ring)
MPRegen 0.10/turn

%: no passive effects
@: lethally poisoned (-1 -> -7), about to teleport
A: horns 2, retaliatory headbutt
a: no special abilities


You were on level 4 of the Dungeon.
You visited 1 branch of the dungeon, and saw 4 of its levels.
You also visited: Sewer.

You collected 170 gold pieces.


Innate Abilities, Weirdness & Mutations

You have a pair of horns on your head.
You reflexively headbutt those who attack you in melee.


   Skills:
 - Level 5.3 Fighting
 + Level 8.0 Ranged Weapons
 - Level 3.7 Armour
 - Level 3.2 Dodging
 - Level 0.7 Stealth


You had 6 spell levels left.
You didn't know any spells.
Your spell library was empty.

Inventory:

Hand Weapons
 Y - a +1 shortbow (weapon)
Armour
 f - +0 acid dragon scales (worn)
Scrolls
 b - 2 scrolls of teleportation
 g - a scroll of identify
Potions
 a - 2 potions of curing
 d - a potion of might {unknown}
 e - 2 potions of haste
 i - 2 potions of degeneration {unknown}
 j - a potion of cancellation {unknown}
 k - a potion of resistance {unknown}

Dungeon Overview and Level Annotations

Branches:
Dungeon (4/15)              Sewer (visited)
 Temple: D:4-7

Altars:
Makhleb
Sif Muna
Uskayaw

Shops:
D:3 !

Annotations:
D:2 1 runed translucent door, Crazy Yiuf


Message History

The bat disappears in a puff of smoke!
The shadow imp disappears in a puff of smoke!
A scorpion comes into view.
Your Armour skill gained 2 levels and is now at level 3!
You shoot an arrow.
The arrow hits the scorpion but does no damage.
You shoot an arrow. The arrow closely misses the scorpion.
You shoot an arrow. The arrow hits the scorpion.
The scorpion is lightly wounded.
You shoot an arrow. The arrow hits the scorpion.
The scorpion is moderately wounded.
You shoot an arrow. The arrow hits the scorpion.
The scorpion is heavily wounded.
You shoot an arrow. The arrow hits the scorpion.
The scorpion is severely wounded.
The scorpion stings you.
You are poisoned.
The scorpion poisons you!
You shoot an arrow. The arrow barely misses the scorpion.
You feel very sick. The scorpion stings you.
You are lethally poisoned!
The scorpion poisons you! The scorpion completely misses you.
3201 ||| READING 3 scrolls of teleportation.
As you read the scroll of teleportation, it crumbles to dust.
You feel strangely unstable.
You feel very sick.
The scorpion stings you but does no damage.
You shoot an arrow. The arrow barely misses the scorpion.
You feel very sick. The scorpion barely misses you.
You shoot an arrow.
The arrow hits the scorpion but does no damage.
The scorpion is severely wounded.
You feel very sick. The scorpion barely misses you.
You shoot an arrow. The arrow barely misses the scorpion.
You feel very sick. The scorpion barely misses you. The scorpion stings you.
You die...

#.......###..#.###...
##.......# #.....# ..
....#..#####...#
######.##.....## #
#.##.###..# ###
#....# ##.## ..##
#.#### #..# #..###.#
##.### ##...#.##
#.@s# ###....#
#..)........ ##...#
#........... #####
#...........
#.........#.
###########


You could see a scorpion.

Vanquished Creatures
  Grinder (D:3)
  Eustachio (D:4)
  2 bullfrogs (Sewer)
  Terence (D:2)
  5 river rats
  9 adders
  5 dart slugs
  4 worms
  An orc (D:3)
  14 ball pythons
  15 endoplasms
  4 giant cockroaches
  4 goblins
  5 hobgoblins
  13 jackals
  11 kobolds
  7 bats
  A frilled lizard (Sewer)
  40 rats
143 creatures vanquished.

Notes
Turn   | Place    | Note
-------+----------+-------------------------------------------
     0 | D:1      | qw the Minotaur Hunter began the quest for the Orb.
     0 | D:1      | Reached XP level 1. HP: 18/18 MP: 0/0
     0 | D:1      | 0 ||| qw: Version: 0.2-a-120-g592f744
     0 | D:1      | 0 ||| qw: Game counter: 3160
     0 | D:1      | 0 ||| qw: Always use a shield: true
     0 | D:1      | 0 ||| qw: God list: Okawaru
     0 | D:1      | 0 ||| qw: Allow faded altars: false
     0 | D:1      | 0 ||| qw: Do Orc after D:15 true
     0 | D:1      | 0 ||| qw: Do second Lair branch before Depths: true
     0 | D:1      | 0 ||| qw: Lair rune preference: random
     0 | D:1      | 0 ||| qw: Plans: Normal
     0 | D:1      | 0 ||| PLANNING D:1-11
    31 | D:1      | Reached XP level 2. HP: 25/25 MP: 1/1
    80 | D:1      | Reached skill level 5 in Ranged Weapons
   263 | D:1      | Reached skill level 3 in Fighting
   456 | D:1      | Reached XP level 3. HP: 30/31 MP: 2/2
   655 | D:1      | 655 ||| UPGRADING to +0 acid dragon scales.
   665 | D:1      | 665 ||| DROPPING +0 leather armour.
   666 | D:1      | 666 ||| READING 2 scrolls labelled TORAGH MYECIPNEV.
   667 | D:1      | 667 ||| READING scroll labelled CEUNNI JUDIEN.
   668 | D:1      | 668 ||| READING scroll labelled BIAKHE ZEMU.
   673 | D:1      | 673 ||| READING scroll labelled GOLAMU JOBATS.
   674 | D:1      | 674 ||| READING scroll labelled WAYTIJ TIUM.
   675 | D:1      | 675 ||| DROPPING scroll of amnesia.
   676 | D:1      | 676 ||| DROPPING scroll of butterflies.
   758 | D:2      | Found a hide-covered altar of Uskayaw.
   817 | D:2      | Reached skill level 1 in Armour
   915 | D:2      | Noticed Terence
   927 | D:2      | Killed Terence
   928 | D:2      | Reached XP level 4. HP: 33/38 MP: 3/3
  1107 | D:2      | Reached skill level 6 in Ranged Weapons
  1146 | D:2      | Found a runed translucent door.
  1147 | D:2      | Noticed Crazy Yiuf
  1435 | D:2      | 1435 ||| READING scroll labelled UFIEFU NOSI.
  1436 | D:2      | 1436 ||| READING 2 scrolls labelled UNWOAHA ZIONE.
  1437 | D:2      | 1437 ||| DROPPING scroll of fog.
  1592 | D:3      | Found Zyussem's Distillery.
  1598 | D:3      | 1598 ||| SHOPLISTING potion of cancellation (104 gold, have
                  | 95).
  1598 | D:3      | 1598 ||| SHOPLISTING potion of haste (130 gold, have 95).
  1598 | D:3      | 1598 ||| SHOPLISTING potion of mutation (104 gold, have
                  | 95).
  1598 | D:3      | 1598 ||| SHOPLISTING potion of resistance (130 gold, have
                  | 95).
  1652 | D:3      | Found a burning altar of Makhleb.
  1860 | D:3      | Identified the +2 spear "Ediqax Ycoq" {pain, rElec rF-
                  | Str+3 Dex+2}
  1931 | D:3      | Found a shimmering blue altar of Sif Muna.
  2200 | D:3      | Noticed Grinder
  2204 | D:3      | Paralysed by Grinder for 5 turns
  2215 | D:3      | Killed Grinder
  2216 | D:3      | Reached skill level 7 in Ranged Weapons
  2216 | D:3      | Reached XP level 5. HP: 36/46 MP: 4/4
  2216 | D:3      | Reached XP level 6. HP: 41/52 MP: 5/5
  2397 | D:3      | 2397 ||| READING scroll labelled BYIDIU MAHIPP.
  2398 | D:3      | 2398 ||| READING 2 scrolls of identify.
  2398 | D:3      | 2398 ||| IDENTIFYING fuming blue potion
  2418 | D:4      | 2418 ||| PLANNING SEWER
  2449 | D:4      | Found a glowing drain.
  2459 | D:4      | 2459 ||| DRINKING 2 amethyst potions.
  2460 | D:4      | 2460 ||| DROPPING potion of attraction.
  2462 | Sewer    | Entered a sewer
  2479 | Sewer    | 2479 ||| Stepping ~*~*~tactically~*~*~ (water).
  2491 | Sewer    | 2491 ||| Stepping ~*~*~tactically~*~*~ (water).
  2548 | Sewer    | Reached skill level 8 in Ranged Weapons
  2651 | Sewer    | 2651 ||| Stepping ~*~*~tactically~*~*~ (water).
  2729 | Sewer    | 2729 ||| Stepping ~*~*~tactically~*~*~ (water).
  2744 | Sewer    | Reached XP level 7. HP: 26/61 MP: 6/6
  2746 | Sewer    | HP: 15/61 [frozen (4)]
  2747 | Sewer    | 2747 ||| READING 4 scrolls of teleportation.
  2751 | Sewer    | Reached skill level 3 in Dodging
  3017 | Sewer    | 3017 ||| READING scroll labelled ROYMAY GEIQEAZ.
  3018 | Sewer    | 3018 ||| DRINKING 3 red potions.
  3019 | Sewer    | 3019 ||| READING 2 scrolls of identify.
  3019 | Sewer    | 3019 ||| IDENTIFYING bubbling grey potion
  3020 | Sewer    | 3020 ||| DROPPING potion of enlightenment.
  3024 | D:4      | 3024 ||| PLANNING D:1-11
  3157 | D:4      | Noticed Eustachio
  3193 | D:4      | Killed Eustachio
  3194 | D:4      | Reached skill level 3 in Armour
  3200 | D:4      | HP: 14/61 [scorpion (3)]
  3201 | D:4      | 3201 ||| READING 3 scrolls of teleportation.
  3203 | D:4      | HP: 4/61 [poisoned by a scorpion]
  3204 | D:4      | Slain by a scorpion

Levels and vault maps discovered:
D:1:      amcnicky_arrival_underground_garden, layout_loops_cross
D:2:      layout_basic, basic_altar, uniq_crazy_yiuf_cottage, uniq_terence
D:3:      layout_basic, led_sif_pool, mainiacjoe_overflow_small_starburst,
          serial_shops, shop, serial_bayou_lagoon_b, uniq_grinder
D:4:      layout_rooms, portal_sewer_entry_a, hangedman_decor_push,
          uniq_blork_the_orc, uniq_sigmund, uniq_eustachio

Skill      XL: |  1  2  3  4  5  6  7 |
---------------+----------------------+-----
Ranged Weapons | 5 7 8 |  8.0
Fighting       | 3 4 5 |  5.3
Armour         | 1 3 |  3.7
Dodging        | 3 |  3.2
Stealth        | |  0.7

Action                     |  1- 3 |  4- 6 |  7- 9 || total
---------------------------+-------+-------+-------++-------
   Fire: Shortbow          |   109 |   194 |    67 ||   370
    Use: Scroll            |     5 |     4 |     4 ||    13
         Potion            |       |     1 |     1 ||     2
 Armour: Leather armour    |     9 |       |       ||     9
         Acid dragon scale |     3 |    33 |    29 ||    65
  Dodge: Dodged            |    20 |    47 |    53 ||   120

Table legend:
 A = Non-vault XP
 B = Vault XP
 C = Vault XP percentage of total XP
 D = Non-vault monster count
 E = Vault monster count
 F = Vault count percentage of total count
                 A         B        C        D         E       F
            +---------+---------+-------+---------+---------+-------
      Total |     198 |     865 |  81.4 |      85 |      58 |  40.6
            +---------+---------+-------+---------+---------+-------
        D:1 |      59 |       0 |   0.0 |      32 |       0 |   0.0
        D:2 |      47 |      36 |  43.4 |      24 |       1 |   4.0
        D:3 |      49 |     262 |  84.2 |      18 |       1 |   5.3
        D:4 |      43 |     215 |  83.3 |      11 |       5 |  31.2
      Sewer |       0 |     352 | 100.0 |       0 |      51 | 100.0
            +---------+---------+-------+---------+---------+-------
